 Dungeon Crawl Stone Soup version 0.27-a0-1196-g3e9cee4cb2 (console) character file.

Game seed: 8087786121245882946

191 Hector the Skirmisher (level 5, -6/38 (42) HPs)
             Began as a Demonspawn Abyssal Knight on May 28, 2021.
             Was a Believer of Lugonu.
             Mangled by a wraith (7 damage)
             ... in an ossuary on May 29, 2021.
             The game lasted 00:13:34 (4189 turns).

Hector the Skirmisher (Demonspawn Abyssal Knight)   Turns: 4189, Time: 00:13:34

HP:   -6/38 (42)    AC:  7    Str: 14    XL:     5   Next: 42%
MP:   6/7           EV:  9    Int: 13    God:    Lugonu [**....]
Gold: 38            SH:  3    Dex: 12    Spells: 4/4 levels left

rFire    + . .     SeeInvis .   a - +1 hand axe
rCold    + . .     Faith    .   i - +0 buckler
rNeg     . . .     Spirit   .   u - +1 scale mail {rF+}
rPois    .         Reflect  .   (helmet restricted)
rElec    .         Harm     .   (no cloak)
rCorr    .         Rampage  .   (no gloves)
Will     +....                  (no boots)
Stlth    ..........             (no amulet)
HPRegen  0.12/turn              C - ring of protection from cold
MPRegen  0.20/turn              t - ring of willpower

@: slowed, drained, very slow
A: antennae 1, claws 1, magic regeneration
a: Renounce Religion, Depart the Abyss, Bend Space


You were in an ossuary.
You worshipped Lugonu.
Lugonu was pleased with you.
You visited 1 branch of the dungeon, and saw 4 of its levels.
You visited the Abyss 1 time.
You also visited: Ossuary.

You collected 110 gold pieces.
You spent 72 gold pieces at shops.

Inventory:

Hand Weapons
 a - a +1 hand axe (weapon)
 b - a +2 dagger of venom
 d - a +4 falchion of freezing
 w - a +2 dagger of draining
 x - a +0 spear
Missiles
 p - 106 stones
 z - 15 poisoned darts
 A - 7 boomerangs
Armour
 e - a +0 ring mail
 g - a +0 leather armour
 h - a +0 chain mail
 i - a +0 buckler (worn)
 u - a +1 scale mail of fire resistance (worn)
Jewellery
 t - a ring of willpower (right claw)
 y - a ring of see invisible
 C - a ring of protection from cold (left claw)
 F - a ring of protection from fire
Scrolls
 c - 2 scrolls of enchant weapon {unknown}
 k - a scroll of immolation {unknown}
 n - a scroll of magic mapping {unknown}
 o - a scroll of noise {unknown}
 q - 2 scrolls of fear {unknown}
 s - a scroll of identify {unknown}
 B - 3 scrolls of teleportation {unknown}
 D - a scroll of amnesia {unknown}
Potions
 f - 3 potions of curing {unknown}
 j - a potion of mutation {unknown}
 l - 2 potions of haste {unknown}
 m - a potion of brilliance {unknown}
 r - 2 potions of degeneration {unknown}
 E - a potion of invisibility {unknown}
 G - a potion of cancellation {unknown}


   Skills:
 + Level 4.0 Fighting
 * Level 2.8 Axes
 + Level 3.0 Armour
 + Level 1.4 Dodging
 * Level 1.0 Shields
 * Level 3.3 Invocations


You had 4 spell levels left.
You didn't know any spells.
Your spell library contained the following spells:

 Spells                   Type           Power      Damage    Failure   Level
 Sandblast                Erth           0%         2d4       88%         1
 Passwall                 Tmut/Erth      0%         N/A       95%         2
 Stone Arrow              Conj/Erth      0%         3d7       99%         3
 Petrify                  Tmut/Erth      0%         N/A       100%        4
 Lee's Rapid Deconstruct  Erth           0%         3d5*      100%        5


Dungeon Overview and Level Annotations

Branches:
Dungeon (4/15)            Ossuary (1/1)
 Temple: D:4-7

Altars:
Trog

Shops:
D:4 !*

Annotations:
D:2 1 runed translucent door, Crazy Yiuf


Innate Abilities, Weirdness & Mutations

You have a pair of small antennae on your head.
You have sharp fingernails.
You regenerate magic rapidly.


Message History

You start resting.
HP restored.
There is an open door here.
The flying skull gives a hideous shriek!
There is an open door here.
You see here a +0 robe.
There is an open door here.
Okay, then.
The flying skull gives a hideous shriek!
As you open the door, it creaks loudly!
A wraith comes into view.
You barely miss the wraith. You block the wraith's attack.
You hit the wraith but do no damage. The wraith hits you but does no damage.
You hit the wraith but do no damage. The wraith hits you!
The wraith drains your vigour!
You feel yourself slow down. The wraith hits you.
The wraith drains your vigour!
You feel as though you will be slow longer.
You barely miss the wraith. The wraith hits you!
The wraith hits you but does no damage.
You closely miss the wraith. The wraith hits you but does no damage.
Aiming: Corrosive Bolt
Press: ? - help, Shift-Dir - straight line, f - wraith
Aim: a wraith (71% to hit)
The bolt of acid hits the wraith!
The wraith is splashed with acid.
The wraith is heavily damaged.
The wraith hits you!
* * * LOW HITPOINT WARNING * * *
The wraith drains your vigour!
You feel as though you will be slow longer.
The wraith hits you but does no damage. Space bends around you!
You blink.
The wraith hits you.
* * * LOW HITPOINT WARNING * * *
You don't have enough health at the moment.
Aiming: Corrosive Bolt
Press: ? - help, Shift-Dir - straight line, f/p - wraith
Aim: a wraith (heavily damaged, 71% to hit)
The bolt of acid hits the wraith!
The wraith is splashed with acid.
The wraith is severely damaged.
The now-empty wand crumbles to dust.
The wraith hits you!
You die...

##..###..###.#
#...............#
#.###..!?!..###.##
#.#z#..!?/..#{#.'.
#.###..!?!..###[##
#...............#
#.###..###..###.#
#.#.#..#z#..#.#.#
#@W##..###..##'.#
#..ยง............#
#################


You could see a wraith.

Vanquished Creatures
  2 wights (Ossuary)
  A centaur zombie (Ossuary)
  3 worms
  2 dart slugs
  3 orcs
  3 ball pythons
  5 bats
  2 endoplasms (D:1)
  A giant cockroach (D:4)
  4 hobgoblins
  12 jackals
  7 kobolds
  2 quokkas
  2 ball python skeletons (Ossuary)
  2 goblins
  A hobgoblin zombie (Ossuary)
  2 kobold zombies (Ossuary)
  An orc skeleton (Ossuary)
  2 orc zombies (Ossuary)
  3 rats
60 creatures vanquished.

Notes
Turn   | Place    | Note
-------+----------+-------------------------------------------
     0 | Abyss:1  | Hector the Demonspawn Abyssal Knight began the quest for
                  | the Orb.
     0 | Abyss:1  | Reached XP level 1. HP: 18/18 MP: 2/2
    26 | Abyss:1  | Found a hazy altar of Hepliaklqana.
    67 | D:1      | Escaped the Abyss
   558 | D:1      | Gained mutation: You have sharp fingernails. [demonic
                  | ancestry]
   558 | D:1      | Reached XP level 2. HP: 18/24 MP: 3/3
   830 | D:1      | Reached ** piety under Lugonu
  1482 | D:1      | Gained mutation: You regenerate magic rapidly. [demonic
                  | ancestry]
  1482 | D:1      | Reached XP level 3. HP: 26/30 MP: 5/5
  1879 | D:2      | Found a runed translucent door.
  1880 | D:2      | Noticed Crazy Yiuf
  2562 | D:3      | Reached skill level 1 in Dodging
  2651 | D:3      | Found a faded altar of an unknown god.
  2719 | D:3      | Found a bloodstained altar of Trog.
  3083 | D:3      | Reached XP level 4. HP: 27/37 MP: 6/6
  3332 | D:4      | Found Orydo's Assorted Antiques.
  3337 | D:4      | Bought a scroll labelled NESEMU GUCAROI for 25 gold pieces
  3337 | D:4      | Bought a purple potion for 22 gold pieces
  3337 | D:4      | Bought a scroll labelled GIATHOPOATS for 25 gold pieces
  3434 | D:4      | Found a sand-covered staircase.
  3435 | D:4      | Found Fiafuaz's Distillery.
  3445 | Ossuary  | Entered an ossuary
  3685 | Ossuary  | Noticed a wraith
  3685 | Ossuary  | Noticed a flying skull
  3743 | Ossuary  | Reached skill level 4 in Fighting
  3743 | Ossuary  | Gained mutation: You have a pair of small antennae on your
                  | head. [demonic ancestry]
  3743 | Ossuary  | Reached XP level 5. HP: 32/42 MP: 7/7
  3859 | Ossuary  | Reached skill level 1 in Shields
  4170 | Ossuary  | Noticed a flying skull
  4176 | Ossuary  | Noticed a flying skull
  4181 | Ossuary  | Noticed a wraith
  4188 | Ossuary  | HP: 1/38 [wraith (2)]
  4189 | Ossuary  | Mangled by a wraith

Illustrated notes

Levels and vault maps discovered:
D:1:      roderic_dead_forest, layout_loops_ring
D:2:      layout_rooms, uniq_crazy_yiuf_cottage
D:3:      layout_basic, lightli_temple_of_fire, nicolae_overflow_hidden_temple,
          shapermc_ecumenical_altar_mp_vishouse, guppyfry_early_lair_pool
D:4:      layout_basic, serial_shops, shop, shop, shop, kennysheep_little_box,
          enter_ossuary_1
Ossuary:  ossuary_due_cavern

Skill      XL: |  1  2  3  4  5 |
---------------+----------------+-----
Armour         | 2 3 |  3.0
Axes           | 2 |  2.8
Dodging        | 1 |  1.4
Invocations    | 3 |  3.3
Fighting       | 4 |  4.0
Shields        | 1 |  1.0

Action                   |  1- 3 |  4- 6 || total
-------------------------+-------+-------++-------
Melee: Hand axe          |    14 |    55 ||    69
       Dagger            |   134 |     9 ||   143
Invok: Bend Space        |     1 |     1 ||     2
Evoke: Wand              |       |     4 ||     4
  Use: Potion            |       |     1 ||     1
Armor: Chain mail        |    95 |       ||    95
       Ring mail         |     1 |       ||     1
       Scale mail        |     3 |    34 ||    37
Dodge: Dodged            |    44 |    27 ||    71
Block: Buckler           |     2 |     8 ||    10

Table legend: (Time is in decaauts)
 A = Elapsed time spent in this place.
 B = Non-inter-level travel time spent in this place.
 C = Inter-level travel time spent in this place.
 D = Time resting spent in this place.
 E = Time spent auto-exploring this place.
 F = Levels seen in this place.
 G = Mean time per level.
                   A        B        C        D        E       F      G
               +--------+--------+--------+--------+--------+-----+--------+
         Total |   4216 |   4064 |    152 |   1069 |   1896 |   6 |  702.7 |
       Dungeon |   3388 |   3236 |    152 |    595 |   1842 |   4 |  847.0 |
         Abyss |     67 |     67 |      0 |      0 |     54 |   1 |   67.0 |
       Ossuary |    760 |    760 |      0 |    474 |      0 |   1 |  760.0 |
               +--------+--------+--------+--------+--------+-----+--------+

Top non-repeatable levels by time:
     D:1: 1442 daAuts
     D:3: 1098 daAuts
 Ossuary: 760 daAuts
     D:2: 655 daAuts
     D:4: 191 daAuts
 Abyss:1: 67 daAuts
